 Dungeon Crawl Stone Soup version 0.27.1-34-g3ba077fa99 (webtiles) character file.

Game seed: 9299869366995213749

222 Delamore the Covert (level 5, -7/34 HPs)
             Began as an Octopode Brigand on Feb 11, 2022.
             Killed by nerve-wracking pain
             ... invoked by Menkaure
              (11 damage)
             ... on level 4 of the Dungeon.
             The game lasted 00:02:38 (3974 turns).

Delamore the Covert (Octopode Brigand)              Turns: 3974, Time: 00:02:39

Health: -7/34      AC:  1    Str: 10    XL:     5   Next: 99%
Magic:  5/5        EV: 12    Int: 14    God:
Gold:   159        SH:  0    Dex: 14    Spells: 4/4 levels left

rFire    . . .     SeeInvis .   r - +1 short sword (venom)
rCold    . . .     Faith    .   (no shield)
rNeg     . . .     Spirit   .   (helmet restricted)
rPois    .         Reflect  .   (no amulet)
rElec    .         Harm     .   g - ring of resist corrosion
rCorr    +         Rampage  .   (no ring)
Will     .....                  (no ring)
Stlth    +++++.....             (no ring)
HPRegen  0.11/turn              (no ring)
MPRegen  0.09/turn              (no ring)
                                (no ring)
                                (no ring)

@: no status effects
A: almost no armour, amphibious, 8 rings, camouflage 1, gelatinous body 1,
(nimble swimmer 1), tentacles
a: no special abilities


You were on level 4 of the Dungeon.
You visited 1 branch of the dungeon, and saw 4 of its levels.

You collected 159 gold pieces.

Inventory:

Hand Weapons
 a - a +2 dagger
 r - a +1 short sword of venom (weapon)
Missiles
 b - 32 poisoned darts
 c - 2 curare-tipped darts (quivered)
 l - 3 boomerangs
Jewellery
 g - a ring of resist corrosion (left tentacle)
Scrolls
 f - a scroll of amnesia
 h - a scroll of enchant weapon
 i - a scroll of enchant armour {unknown}
 j - a scroll of magic mapping {unknown}
 o - a scroll of teleportation {unknown}
 p - a scroll of noise {unknown}
Potions
 d - a potion of berserk rage {unknown}
 e - a potion of heal wounds {unknown}
 k - a potion of invisibility {unknown}
 m - a potion of curing {unknown}
 n - a potion of cancellation {unknown}
 q - a potion of degeneration {unknown}


   Skills:
 - Level 2.0 Fighting
 + Level 3.7 Short Blades
 - Level 2.0 Throwing
 - Level 1.0 Dodging
 * Level 8.6 Stealth


You had 4 spell levels left.
You didn't know any spells.
Your spell library contained the following spells:

 Spells                   Type           Power      Damage    Failure   Level
 Freeze                   Ice            0%         1d3       28%         1
 Summon Small Mammal      Summ           0%         N/A       28%         1
 Static Discharge         Conj/Air       0%         N/A       41%         2
 Call Canine Familiar     Summ           0%         N/A       65%         3
 Summon Guardian Golem    Hex/Summ       0%         N/A       65%         3
 Lightning Bolt           Conj/Air       0%         1d11      100%        5
 Maxwell's Capacitive Co  Air            0%         ∞         100%        8


Dungeon Overview and Level Annotations

Branches:
Dungeon (4/15)
 Temple: D:4-7

Altars:

Annotations:
D:4 Menkaure


Innate Abilities, Weirdness & Mutations

You cannot wear most types of armour.
You are amphibious.
You can wear up to eight rings at the same time.
Your skin changes colour to match your surroundings (Stealth+).
Your rubbery body absorbs attacks. (AC +1, EV +1)
((You are camouflaged near water. (Stealth+)))
You have tentacles for arms and can constrict up to eight enemies at once.


Message History

Menkaure is heavily damaged.
You constrict Menkaure. Menkaure hits you.
You hit Menkaure.
Menkaure is heavily damaged.
You constrict Menkaure, but do no damage.
Menkaure whispers drily.
Menkaure misses you.
You hit Menkaure.
Menkaure is heavily damaged.
You constrict Menkaure, but do no damage.
The ball python bites you. The ball python grabs you.
The ball python constricts you. Menkaure hits you.
You hit the ball python. You grab the ball python.
The ball python is moderately wounded.
You constrict Menkaure, but do no damage.
You constrict the ball python. The ball python bites you.
The ball python constricts you. The ball python bites you.
The ball python constricts you.
You are too injured to fight recklessly!
You are too injured to fight recklessly!
You are too injured to fight recklessly!
You are too injured to fight recklessly!
You are too injured to fight recklessly!
You are too injured to fight recklessly!
You are too injured to fight recklessly!
You are too injured to fight recklessly!
You are too injured to fight recklessly!
You hit Menkaure but do no damage.
Menkaure is heavily damaged.
You constrict Menkaure. You constrict the ball python.
You kill the ball python!
Menkaure breathes soot at you. Menkaure hits you!
* * * LOW HITPOINT WARNING * * *
You hit Menkaure but do no damage.
Menkaure is severely damaged.
You constrict Menkaure. Menkaure casts a spell at you.
Pain shoots through your body!
You die...

#.....#.######
+............#
#....#...###.# ##
####.......(.# .
#.###.##..#S#
#.........#.#
#####.......#
.......#..#†########
.......##...@M.....#
.......+.†#........#
.......#########.#.#
....... # .......
.......


You could see Menkaure.

Vanquished Creatures
  Crazy Yiuf (D:2)
  Terence (D:2)
  8 adders
  3 worms
  3 dart slugs
  7 endoplasms
  3 giant cockroaches
  7 goblins
  13 hobgoblins
  4 jackals (D:1)
  2 quokkas
  5 ball pythons
  5 bats
  7 frilled lizards (D:1)
  6 kobolds
  6 rats
81 creatures vanquished.

Notes
Turn   | Place    | Note
-------+----------+-------------------------------------------
     0 | D:1      | Delamore the Octopode Brigand began the quest for the Orb.
     0 | D:1      | Reached XP level 1. HP: 14/14 MP: 1/1
    59 | D:1      | Found a faded altar of an unknown god.
    67 | D:1      | Got Plato's Disquisition on Cold
    99 | D:1      | Reached XP level 2. HP: 7/19 MP: 2/2
   606 | D:1      | Reached skill level 6 in Stealth
   877 | D:1      | Reached XP level 3. HP: 24/24 MP: 3/3
  1612 | D:2      | Noticed Terence
  1620 | D:2      | Killed Terence
  1621 | D:2      | Reached skill level 7 in Stealth
  1621 | D:2      | Reached XP level 4. HP: 17/29 MP: 4/4
  2222 | D:2      | Found a runed translucent door.
  2223 | D:2      | Noticed Crazy Yiuf
  2261 | D:2      | Reached XP level 5. HP: 34/34 MP: 5/5
  2810 | D:2      | Killed Crazy Yiuf
  2811 | D:2      | Reached skill level 8 in Stealth
  3963 | D:4      | Noticed Menkaure
  3974 | D:4      | Killed from afar by Menkaure

Illustrated notes

Levels and vault maps discovered:
D:1:      dpeg_arrival_signposts, layout_basic,
          shapermc_ecumenical_altar_rom_forum, minmay_lizard_pond
D:2:      layout_basic, eino_curves_03, minmay_door_square,
          minmay_misc_feat_cross, minmay_misc_feat_more_columns,
          ebering_dispersal_statue_hall, hangedman_decor_slide_cut,
          uniq_crazy_yiuf_cottage, uniq_terence
D:3:      layout_basic, serial_park_tiny_1, grunt_ministairs_8,
          kennysheep_big_empty_room
D:4:      layout_basic, temple_fountains, uniq_menkaure

Skill      XL: |  1  2  3  4  5 |
---------------+----------------+-----
Stealth        | 6 7 8 |  8.6
Short Blades   | 3 |  3.7
Fighting       | |  2.0
Throwing       | |  2.0
Dodging        | |  1.0

Action                   |  1- 3 |  4- 6 || total
-------------------------+-------+-------++-------
Melee: Dagger            |    88 |    50 ||   138
       Constrict         |    17 |    15 ||    32
       Tentacles         |     9 |    10 ||    19
       Short sword       |       |    13 ||    13
Throw: Dart              |     1 |       ||     1
  Use: Scroll            |     2 |     1 ||     3
 Stab: Sleeping          |    12 |    23 ||    35
       Distracted        |       |     1 ||     1
Armor: Skin              |     9 |     3 ||    12
Dodge: Dodged            |    59 |    12 ||    71
